 Dungeon Crawl Stone Soup version 0.28-a0-726-g4a9143789a (webtiles) character file.

Game seed: 15220814421439035594

2 flotson the Sneak (level 1, -3/18 HPs)
             Began as a Demonspawn Delver on Oct 27, 2021.
             Slain by Duvessa (14 damage)
             ... on level 5 of the Dungeon.
             The game lasted 00:01:16 (355 turns).

flotson the Sneak (Demonspawn Delver)                Turns: 355, Time: 00:01:17

Health: -3/18      AC:  3    Str: 12    XL:     1   Next: 25%
Magic:  1/1        EV: 11    Int: 11    God:
Gold:   19         SH:  0    Dex: 14    Spells: 0/0 levels left

rFire   . . .      SeeInvis .   a - +0 hand axe
rCold   . . .      Faith    .   (no shield)
rNeg    . . .      Spirit   .   b - +0 leather armour
rPois   .          Reflect  .   (no helmet)
rElec   .          Harm     .   (no cloak)
rCorr   .          Rampage  .   (no gloves)
Will    .....                   (no boots)
Stlth   ++........              (no amulet)
HPRegen 0.06/turn               (no ring)
MPRegen 0.07/turn               (no ring)

@: no status effects
A: no striking features
a: no special abilities


You were on level 5 of the Dungeon.
You visited 1 branch of the dungeon, and saw 2 of its levels.

You collected 19 gold pieces.

Inventory:

Hand Weapons
 a - a +0 hand axe (weapon)
Armour
 b - a +0 leather armour (worn)
Wands
 g - a wand of digging (3)
Scrolls
 c - a scroll of fog
 d - a scroll of magic mapping
 e - a scroll of fear
 h - a scroll of summoning
Potions
 f - a potion of haste


   Skills:
 + Level 3.0 Fighting
 + Level 1.8 Axes
 + Level 0.1 Armour
 + Level 1.8 Dodging
 - Level 4.5 Stealth


You couldn't memorise any spells.
You didn't know any spells.
Your spell library was empty.

Dungeon Overview and Level Annotations

Branches:
Dungeon (5/15)
 Temple: D:4-7

Altars:
Trog

Annotations:
D:5 Dowan, Duvessa


Message History

You see here 30 stones.
A moth of wrath comes into view.
Unknown command.
The moth of wrath's fur bristles in rage as it notices you. 3 rats and a worm come into view.
Found a war axe and an arbalest.
Found a bloodstained altar of Trog.
A worm comes into view.
Found a dagger.
The moth of wrath goads the rat on!
The rat goes berserk!
The rat closely misses you.
You barely miss the rat. The rat barely misses you.
You hit the rat but do no damage. The rat bites you.
The rat bites you but does no damage.
You closely miss the rat. The rat bites you.
The rat bites you but does no damage. The rat closely misses you.
You barely miss the rat. The rat bites you. The rat closely misses you.
You hit the rat but do no damage. The rat barely misses you.
You barely miss the rat. The rat bites you. x2
You closely miss the rat. The rat closely misses you. x2
You barely miss the rat. The rat closely misses you.
The rat bites you but does no damage.
You hit the rat.
The rat is severely wounded.
The rat closely misses you. The rat bites you but does no damage.
You barely miss the rat.
The rat is severely wounded.
The rat bites you but does no damage.
You hit the rat.
You kill the rat!
You see here 30 stones.
A worm is nearby!
A worm is nearby!
A worm is nearby!
There is a stone staircase leading down here.
You climb downwards.
Level annotation: Dowan, Duvessa Duvessa hits you with a +0 rapier!
Ouch! That really hurt!
You die...

.##...#<..##......###
.........$..#.......###
##.$........#.........#
#...................#
........###.....>..##
.........#.......###
..................#
......e.........###
###....@.........
#...............
..!.........###.#..
#.......>..## ##
#...........#
...).......##
...........#
............


You could see Duvessa.

Vanquished Creatures
  A hobgoblin (D:4)
  A rat (D:4)
2 creatures vanquished.

Notes
Turn   | Place    | Note
-------+----------+-------------------------------------------
     0 | D:5      | flotson the Demonspawn Delver began the quest for the Orb.
     0 | D:5      | Reached XP level 1. HP: 18/18 MP: 1/1
     5 | D:5      | Noticed Duvessa
     6 | D:5      | Noticed Dowan
     7 | D:5      | Noticed a sky beast
    10 | D:4      | Noticed a scorpion
   178 | D:4      | Noticed an ogre
   246 | D:4      | Noticed a moth of wrath
   249 | D:4      | Found a bloodstained altar of Trog.
   355 | D:5      | Slain by Duvessa

Illustrated notes

Levels and vault maps discovered:
D:4:      layout_basic, tgw_trog, nemelex_diamond_rough_becter
D:5:      layout_cave_pools, uniq_duvessa, uniq_sigmund, uniq_edmund

Action                   || total
-------------------------++-------
Melee: Hand axe          ||    14
Armor: Leather armour    ||     5
Dodge: Dodged            ||    12

Table legend: (Time is in decaauts)
 A = Elapsed time spent in this place.
 B = Non-inter-level travel time spent in this place.
 C = Inter-level travel time spent in this place.
 D = Time resting spent in this place.
 E = Time spent auto-exploring this place.
 F = Levels seen in this place.
 G = Mean time per level.
                   A        B        C        D        E       F      G
               +--------+--------+--------+--------+--------+-----+--------+
         Total |    358 |    358 |      0 |      0 |    226 |   2 |  179.0 |
       Dungeon |    358 |    358 |      0 |      0 |    226 |   2 |  179.0 |
               +--------+--------+--------+--------+--------+-----+--------+

Top non-repeatable levels by time:
     D:4: 338 daAuts
     D:5: 20 daAuts
